 Dungeon Crawl Stone Soup version 0.16-a0-2040-g47efe85 (webtiles) character file.

265 SharpStick the Chopper (level 5, -3/41 HPs)
             Began as a Salamander Gladiator on Dec 12, 2014.
             Was an Initiate of Okawaru.
             Slain by a hound (5 damage)
             ... on level 4 of the Dungeon on Dec 14, 2014.
             The game lasted 00:07:22 (3720 turns).

SharpStick the Chopper (Salamander Gladiator)       Turns: 3720, Time: 00:07:22

Health: -3/41      AC:  8    Str: 16    XL:     5   Next: 99%
Magic:  7/7        EV: 12    Int:  8    God:    Okawaru [......]
Gold:   207        SH:  0    Dex: 14    Spells: 0 memorised, 4 levels left

rFire  + . .     SeeInvis .     a - +0 war axe
rCold  . . .     Clarity  .     b - +0 leather armour
rNeg   . . .     SustAb   .     (no shield)
rPois  +         Gourm    .     c - +0 helmet (curse)
rElec  +         Spirit   .     g - +1 cloak
rCorr  +         Warding  .     (no gloves)
rMut   .         Stasis   .     (no barding)
MR     .....                    (no amulet)
Stlth  +.........               (no ring)
                                (no ring)

@: resistant, not resistant to hostile enchantments, very unstealthy
A: fiery attack, tough skin 2, cold vulnerability 1
a: Renounce Religion


You were on level 4 of the Dungeon.
You worshipped Okawaru.
Okawaru was noncommittal.
You were not hungry.

You visited 2 branches of the dungeon, and saw 5 of its levels.

You collected 207 gold pieces.

Inventory:

Hand weapons
 a - a +0 war axe (weapon)
Missiles
 d - 3 throwing nets (quivered)
 l - 10 poisoned needles
Armour
 b - a +0 leather armour (worn)
 c - a cursed +0 helmet (worn)
 g - a +1 cloak (worn)
Potions
 k - 3 potions of magic
Books
 h - a Grand Grimoire {highlevel, unknown}

   This book is beyond your current level of understanding.

   Spells                             Type                      Level
   Aura of Abjuration                 Summoning                    6
   Forceful Dismissal                 Summoning                    6
   Summon Greater Demon               Summoning                    7
   Malign Gateway                     Summoning/Translocation      7
   Summon Horrible Things             Summoning                    8
Comestibles
 f - 3 bread rations
 j - a meat ration


   Skills:
 - Level 2.1 Fighting
 + Level 6.7 Axes
 - Level 1.7 Throwing
 - Level 3.0 Dodging


You had 4 spell levels left.
You didn't know any spells.

Dungeon Overview and Level Annotations

Branches:
Dungeon (4/15)             Temple (1/1) D:4

Altars:
Ashenzari
Cheibriados
Dithmenos
Elyvilon
Kikubaaqudgha
Nemelex Xobeh
Okawaru
Qazlal
Ru
Sif Muna


Innate Abilities, Weirdness & Mutations

You cannot wear boots.
You have very tough skin (AC +2).
You are vulnerable to cold.


Message History

The scorpion is lightly wounded.
You barely miss the hound.
The hound is moderately wounded.
The scorpion misses you. The hound bites you but does no damage.
Unknown command.
You barely miss the scorpion.
The scorpion is lightly wounded.
You closely miss the hound.
The hound is moderately wounded.
The hound bites you but does no damage. The scorpion barely misses you.
The hound closely misses you. The scorpion misses you.
Unknown command.
You slash the scorpion!
The scorpion is severely wounded.
You completely miss the hound.
The hound is moderately wounded.
The hound closely misses you.
The scorpion stings you but does no damage.
The hound bites you.
You die...

. ##.## #...# #...##
##....####..
###..........
#......#.. ..#
##.$....h## ..##.
#......@s.## ......
#...#####...##.......
##...#.......
#...........
##...........
##..........
####..###....#
####....## ..
#......##


You could see a scorpion and a hound.

Vanquished Creatures
  Menkaure (D:4)
  Ijyb (D:3)
  5 adders
  3 giant mites (D:3)
  3 worms
  A giant gecko (D:2)
  An ooze (D:2)
  An orc (D:3)
  A ball python (D:3)
  4 giant cockroaches
  4 hobgoblins
  10 kobolds
  A quokka (D:4)
  9 bats
  A giant newt (D:2)
  8 goblins
  3 rats
57 creatures vanquished.

Notes
Turn   | Place    | Note
--------------------------------------------------------------
     0 | D:1      | SharpStick, the Salamander Gladiator, began the quest for the Orb.
     0 | D:1      | Reached XP level 1. HP: 17/17 MP: 1/1
   332 | D:1      | Reached XP level 2. HP: 24/24 MP: 3/3
   670 | D:2      | Found a white marble altar of Elyvilon.
   676 | D:2      | Reached skill level 4 in Axes
   713 | D:2      | Found a deep blue altar of Sif Muna.
  1087 | D:2      | Reached XP level 3. HP: 29/29 MP: 4/4
  2258 | D:3      | Reached skill level 5 in Axes
  2258 | D:3      | Reached XP level 4. HP: 28/36 MP: 5/5
  2441 | D:3      | Noticed Ijyb
  2461 | D:3      | Killed Ijyb
  2780 | D:3      | Reached XP level 5. HP: 31/41 MP: 7/7
  3128 | D:4      | Noticed Menkaure
  3134 | D:4      | Killed Menkaure
  3134 | D:4      | Reached skill level 6 in Axes
  3474 | D:4      | Found a staircase to the Ecumenical Temple.
  3483 | Temple   | Entered the Ecumenical Temple
  3523 | Temple   | Became a worshipper of Warmaster Okawaru
  3716 | D:4      | HP: 1/41 [hound (4)]
  3720 | D:4      | Slain by a hound

Action                   |  1- 3 |  4- 6 || total
-------------------------+-------+-------++-------
Melee: War axe           |    89 |   129 ||   218
  Use: Scroll            |     3 |     3 ||     6
       Potion            |       |     2 ||     2
 Stab: Sleeping          |     1 |     2 ||     3
  Eat: Chunk             |     3 |     5 ||     8
       Beef jerky        |       |     2 ||     2
       Pizza             |       |     1 ||     1
